AoeStats
← ale.7d22pe

QS Arena

503286299Analyzed
1v1 RM · 2mo ago on Aug 31, 2026· 63m 37s· 2 players
Game mode
Random Map
Map size
Tiny (2 player)
Population
200
Speed
Normal
Resources
Standard
Victory
Conquest
Starting age
Dark Age
Ending age
Imperial Age
RankedLock teamsTeams togetherTeam positionsShared explorationLock speedFull tech treeHidden civsTurbo modeCheats
Victory
Defeat
🇲🇽 Khmer · Mexico
210
+20
vs
🇦🇷 Franks · Argentina
289
-20
ale.7d22pe
4:04 Loom
12:37 Feudal Age
14:31 Double-Bit Axe
16:30 Horse Collar
17:56 Wheelbarrow
22:55 Castle Age
49:23 Imperial Age
47:58 Ballistics
47:42 Padded Archer Armor
47:36 Fletching
47:59 Forging
47:52 Scale Mail Armor
48:01 Scale Barding Armor
48:06 Tusk Swords
49:00 Heavy Plow
50:02 Hand Cart
51:13 Chemistry
50:49 Elite Skirmisher
50:49 Crossbowman
51:49 Leather Archer Armor
51:33 Bodkin Arrow
51:46 Siege Engineers
52:20 Iron Casting
52:05 Chain Mail Armor
51:22 Elite Ballista Elephant
52:25 Conscription
52:05 Double Crossbow
53:20 Bow Saw
55:06 Onager
58:11 Bracer
58:45 Ring Archer Armor
59:18 Blast Furnace
58:35 Masonry
58:20 Heated Shot
ELABU9170
4:32 Loom
16:23 Feudal Age
17:54 Wheelbarrow
17:05 Town Watch
18:09 Gold Mining
18:11 Stone Mining
18:15 Double-Bit Axe
28:38 Castle Age
29:51 Hand Cart
32:43 Husbandry
32:05 Light Cavalry
34:29 #83
36:51 Gold Shaft Mining
37:21 Scale Barding Armor
37:17 Scale Mail Armor
37:18 Padded Archer Armor
37:09 Fletching
37:30 Forging
44:14 Bow Saw
54:27 Imperial Age
52:23 Masonry
52:11 Guard Tower
52:33 Fortified Wall
52:34 Clinker Construction
56:58 Ballistics
57:43 Architecture
57:25 Siege Engineers
57:18 Murder Holes
58:29 Chemistry
57:18 Arrowslits
57:07 Heavy Scorpion
57:18 Onager
57:25 Capped Ram
62:49 Cavalier
Connection lost

Rejoining the realm…

Still unreachable

The connection could not be restored.

Session expired

The server has moved on; the page needs a fresh start.